cohdb
Replays
Latest Replays
All Replays
Popular Replays
Top Player Replays
Match Explorer
How It Works
Community
CoH3 Stats
Reddit
Sign in to upload your games and track your stats! →
Sign in with Steam
Match 31687629
Unlisted
Match 31687629
Overview
Messages
Build Orders
End
Construct Barracks
Selects Armored Battlegroup
Selects Veteran Crews
Riflemen Squad
Riflemen Squad
Grenade Package
M1 Mortar Team
Riflemen Squad
Riflemen Squad
Selects Strength in Steel
Mechanized Support Center
Construct Medical Station
M1918 Browning Automatic Rifles
Construct Motor Pool
Selects M8 Scott SPG
M8 Scott SPG
M1 Anti-tank Gun Team
Designate Forward Repair Station
Selects UNKNOWN (2160077)
Selects M31 Recovery Vehicle
Riflemen Squad
Construct Tank Depot
M1 Anti-tank Gun Team
Selects War Machine
M4A3E8 Sherman Easy Eight
M4A3E8 Sherman Easy Eight
ЯF™ | Mouzeille ★ツ
Frayal ★ツ
Nukepapa
skyhawkfranky
0
0
Comments
sign in to comment!
No comments posted yet!